 Dungeon Crawl Stone Soup version 0.23-a0-635-g88ca12a (webtiles) character file.

13997 TheGoonsmith the Severer (level 12, -17/96 HPs)
             Began as a Hill Orc Fighter on Dec 27, 2018.
             Was a High Priest of Makhleb.
             Demolished by a sun demon (18 damage)
             ... summoned by a kobold demonologist
             ... on level 11 of the Dungeon.
             The game lasted 00:26:04 (9838 turns).

TheGoonsmith the Severer (Hill Orc Fighter)         Turns: 9838, Time: 00:26:05

Health: -17/96     AC: 34    Str: 23    XL:     12   Next: 11%
Magic:  19/19      EV:  7    Int:  7    God:    Makhleb [*****.]
Gold:   353        SH:  7    Dex: 13    Spells: 9/11 levels left

rFire    . . .     SeeInvis .   H - +2 broad axe of Integrity {protect, Dex+2 Stlth+}
rCold    . . .     Gourm    .   L - +2 buckler
rNeg     + . .     Faith    .   J - +0 plate armour
rPois    +         Spirit   .   u - +2 helmet
rElec    .         Reflect  .   s - +2 ratskin cloak {+Rats rPois rN+ Str-1 Int-1 Dex+1}
rCorr    .         Harm     .   (no gloves)
MR       .....                  h - +0 pair of boots {Fly}
Stlth    ..........             (no amulet)
HPRegen  0.26/turn              i - +2 ring of protection
MPRegen  0.16/turn              (no ring)

@: protection aura
A: no striking features
a: Minor Destruction, Lesser Servant of Makhleb, Major Destruction, Greater
Servant of Makhleb, Renounce Religion, Evoke Ratskin, Evoke Flight


You were on level 11 of the Dungeon.
You worshipped Makhleb.
Makhleb was extremely pleased with you.
You were not hungry.

You visited 2 branches of the dungeon, and saw 12 of its levels.

You collected 629 gold pieces.
You spent 276 gold pieces at shops.

Inventory:

Hand Weapons
 a - a +1 war axe of draining
 b - a +0 hunting sling
 H - the +2 broad axe of Integrity (weapon) {protect, Dex+2 Stlth+}
   (You found it on level 8 of the Dungeon)

   It protects the one who uses it against injury (+AC on strike).
   It affects your dexterity (+2).
   It makes you more stealthy.
Missiles
 l - 333 stones (quivered)
 m - 46 sling bullets
 G - 3 throwing nets
Armour
 c - a +0 shield
 h - a +0 pair of boots of flying (worn)
 k - a +0 scale mail
 s - the +2 ratskin cloak (worn) {+Rats rPois rN+ Str-1 Int-1 Dex+1}
   (You found it on level 7 of the Dungeon)

   It affects your strength (-1).
   It affects your intelligence (-1).
   It affects your dexterity (+1).
   It protects you from poison.
   It protects you from negative energy.
 u - a +2 helmet (worn)
 z - a +2 cloak
 B - a +0 chain mail
 J - a +0 plate armour (worn)
 L - a +2 buckler (worn)
Jewellery
 g - an uncursed ring of wizardry
 i - a +2 ring of protection (left hand)
 j - an uncursed ring of magical power
 t - an uncursed ring of fire
 K - an uncursed ring of protection from fire {unknown}
Wands
 r - a wand of random effects (30)
Scrolls
 e - 3 scrolls of magic mapping
 n - 8 scrolls of remove curse
 o - 2 scrolls of enchant armour
 p - 3 scrolls of teleportation
 y - a scroll of blinking
 D - a scroll of fog
 F - 5 scrolls of amnesia
Potions
 d - a potion of might
 q - a potion of lignification
 v - 2 potions of curing
 w - a potion of haste
 A - a potion of brilliance
 C - a potion of cancellation
 E - a potion of agility {unknown}
 I - 2 potions of heal wounds
 M - a potion of invisibility
 N - a potion of flight {unknown}
Miscellaneous
 O - a box of beasts
Comestibles
 f - 16 rations
 P - 8 chunks of flesh


   Skills:
 - Level 6.0 Fighting
 - Level 16.1 Axes
 - Level 3.3 Slings
 + Level 14.9 Armour
 - Level 4.0 Shields
 - Level 10.0 Invocations


You had 9 spell levels left.
You knew the following spells:

 Your Spells              Type           Power        Failure   Level  Hunger
a - Swiftness             Chrm/Air       #.......     99%         2    ###....

Your spell library contained the following spells:

 Spells                   Type           Power        Failure   Level  Hunger
 Shock                    Conj/Air       #...         99%         1    ##.....
 Static Discharge         Conj/Air       #.......     100%        3    ####...
 Airstrike                Air            #.........   100%        4    #####..
 Lightning Bolt           Conj/Air       #.........   100%        5    ######.


Dungeon Overview and Level Annotations

Branches:
Dungeon (11/15)            Temple (1/1) D:5            Lair (0/6) D:11
    Orc (0/2) D:10

Altars:
Ashenzari
Cheibriados
Dithmenos
Elyvilon
Fedhas
Gozag
Hepliaklqana
Kikubaaqudgha
Makhleb
Nemelex Xobeh
Okawaru
Qazlal
Ru
Sif Muna
Trog
Uskayaw
Vehumet
Wu Jian
Xom
Yredelemnul
Zin
The Shining One

Shops:
D:6 ?   D:8 [   D:9 }   D:10 ?

Annotations:
D:8 2 runed doors


Message History

You hit the kobold demonologist but do no damage.
The kobold demonologist gestures wildly while chanting.
Unknown command.
You closely miss the kobold demonologist.
You hit the sun demon.
The kobold demonologist hits you but does no damage.
The sun demon hits you!
* * * LOW HITPOINT WARNING * * *
You are engulfed in flames!
* * * LOW HITPOINT WARNING * * *
You hit the kobold demonologist.
The kobold demonologist is lightly wounded.
You barely miss the sun demon.
The kobold demonologist hits you but does no damage.
You closely miss the kobold demonologist.
The kobold demonologist is lightly wounded.
You hit the sun demon. The sun demon hits you!
* * * LOW HITPOINT WARNING * * *
You are engulfed in flames!!
You die...

.........#.# ...........##
............###### ###########.
.....†..#...'....###...........
..####..#...#....##............
..(.........#....##..≈≈..≈≈.≈.≈
............#....##...≈.≈≈≈o≈.≈
....#########..3.#....≈≈≈≈≈K≈.≈
#...'...........@#.....≈≈≈≈.≈≈≈
#...#..........K)#.....o≈K4.;≈≈
#...#............o[#).≈≈.≈≈.≈≈≈
....##+####+######†.[.≈≈≈...≈≈≈
......... ##††≈≈≈≈≈≈...≈
###...... #.≈≈≈≈≈≈....≈
###....... #.≈≈≈≈≈≈....≈
.........# #.≈≈≈≈≈..>.≈.
.........# #.≈≈≈≈≈≈....≈


You could see a sun demon, a kobold demonologist and an orc.

Vanquished Creatures
  Harold (D:7)
  4 two-headed ogres
  Nergalle (D:10)
  An unseen horror (D:8)
  The ghost of EvilAliv3 the Slasher, a novice VSFi of Zin (D:5)
  3 trolls
  Grinder (D:3)
  4 hippogriffs
  A shadow (D:11)
  2 wyverns
  A wraith (D:9)
  5 yaks (D:11)
  2 hungry ghosts
  3 orc warriors
  6 black bears
  A hornet zombie (D:10)
  An ice beast (D:10)
  A sky beast (D:8)
  2 phantoms
  4 necrophages
  2 wolves (D:11)
  7 ogres
  4 centaurs
  A crocodile (D:11)
  2 big kobolds
  10 bullfrogs
  4 scorpions
  2 killer bees (D:10)
  3 wights (D:9)
  3 electric eels (D:11)
  6 howler monkeys
  2 crimson imps
  3 bullfrog zombies
  A jelly (D:7)
  10 hounds
  7 orc priests
  14 orc wizards
  Crazy Yiuf (D:6)
  A centaur skeleton (D:8)
  4 human zombies (D:9)
  A human skeleton (D:9)
  2 bullfrog skeletons
  Ijyb (D:3)
  Natasha (D:4)
  3 iguanas
  A hell rat (D:7)
  10 worker ants
  A hound skeleton (D:4)
  A mummy (D:9)
  A howler monkey skeleton (D:9)
  8 adders
  5 gnolls
  6 river rats (D:7)
  A shadow imp (D:8)
  2 oozes
  3 adder skeletons
  2 worms
  3 dart slugs
  6 leopard geckos
  38 orcs
  6 bats
  11 giant cockroaches
  11 goblins
  5 hobgoblins
  10 jackals
  22 kobolds
  4 quokkas
  A ball python (D:4)
  6 frilled lizards
  A jackal skeleton (D:4)
  A quokka skeleton (D:6)
  A quokka zombie (D:9)
  18 rats
325 creatures vanquished.

Vanquished Creatures (collateral kills)
  A gnoll sergeant (D:10)
  3 killer bees (D:10)
  An orc priest (D:10)
  A worker ant (D:10)
  A gnoll (D:10)
  An orc (D:10)
8 creatures vanquished.

Vanquished Creatures (others)
  An orc priest (D:11)
1 creature vanquished.

Grand Total: 334 creatures vanquished

Notes
Turn   | Place    | Note
-------+----------+-------------------------------------------
     0 | D:1      | TheGoonsmith the Hill Orc Fighter began the quest for the
                  | Orb.
     0 | D:1      | Reached XP level 1. HP: 19/19 MP: 1/1
    56 | D:1      | Reached skill level 3 in Axes
    88 | D:1      | Reached XP level 2. HP: 25/27 MP: 2/2
   258 | D:1      | Reached XP level 3. HP: 33/33 MP: 3/3
   505 | D:2      | Reached skill level 4 in Axes
   768 | D:2      | Noticed a bullfrog
   778 | D:2      | Killed a bullfrog
   778 | D:2      | Reached XP level 4. HP: 35/41 MP: 4/4
   813 | D:2      | Noticed a bullfrog
   969 | D:2      | Killed a bullfrog
   969 | D:2      | Reached skill level 5 in Axes
   969 | D:2      | Reached skill level 1 in Slings
   969 | D:2      | Reached XP level 5. HP: 31/47 MP: 5/5
  1689 | D:3      | Reached XP level 6. HP: 42/55 MP: 6/6
  1972 | D:3      | Noticed Grinder
  1978 | D:3      | Paralysed by Grinder for 3 turns
  1992 | D:3      | Killed Grinder
  1992 | D:3      | Reached skill level 5 in Fighting
  1992 | D:3      | Reached skill level 6 in Axes
  1992 | D:3      | Reached XP level 7. HP: 28/61 MP: 7/7
  2240 | D:3      | Noticed Ijyb
  2253 | D:3      | Killed Ijyb
  2304 | D:3      | Found a white marble altar of Elyvilon.
  2901 | D:3      | Reached skill level 7 in Axes
  2968 | D:4      | Reached skill level 5 in Armour
  3111 | D:4      | Found an opulent altar of Gozag.
  3350 | D:4      | Reached skill level 8 in Axes
  3350 | D:4      | Reached XP level 8. HP: 58/70 MP: 8/8
  3393 | D:4      | Noticed Natasha
  3398 | D:4      | Killed Natasha
  3532 | D:5      | Entered Level 5 of the Dungeon
  3608 | D:5      | Found Zin's Purification Station.
  3611 | D:5      | Found a glowing silver altar of Zin.
  3614 | D:5      | Bought a potion of curing for 90 gold pieces
  3658 | D:5      | Found a runed door.
  3660 | D:5      | Found a staircase to the Ecumenical Temple.
  3670 | Temple   | Entered the Ecumenical Temple
  3677 | Temple   | Became a worshipper of Makhleb the Destroyer
  3856 | D:5      | Found a stormy altar of Qazlal.
  3871 | D:5      | Reached skill level 1 in Invocations
  3926 | D:5      | Reached skill level 9 in Axes
  4298 | D:5      | Noticed EvilAliv3's ghost (novice VSFi)
  4309 | D:5      | Killed EvilAliv3's ghost
  4309 | D:5      | Reached skill level 10 in Axes
  4438 | D:6      | Reached skill level 5 in Invocations
  4480 | D:6      | Found Upeshrist's Magic Scroll Shoppe.
  4488 | D:6      | Bought a scroll of blinking for 90 gold pieces
  4488 | D:6      | Bought a scroll of identify for 24 gold pieces
  4505 | D:6      | Reached XP level 9. HP: 59/75 MP: 13/13
  5103 | D:6      | Found a runed door.
  5107 | D:6      | Noticed Crazy Yiuf
  5111 | D:6      | Killed Crazy Yiuf
  5322 | D:6      | Reached skill level 11 in Axes
  5473 | D:7      | Noticed Harold
  5488 | D:7      | Killed Harold
  5488 | D:7      | Reached skill level 12 in Axes
  5491 | D:7      | Reached XP level 10. HP: 64/83 MP: 15/15
  5634 | D:7      | Reached * piety under Makhleb
  6325 | D:7      | Found the +2 ratskin cloak {+Rats rPois rN+ Str-1 Int-1
                  | Dex+1}
  6329 | D:7      | Reached skill level 13 in Axes
  6541 | D:8      | Found a shattered altar of Ashenzari.
  6651 | D:8      | Reached ** piety under Makhleb
  6713 | D:8      | Noticed a two-headed ogre
  6728 | D:8      | Killed a two-headed ogre
  6728 | D:8      | Reached skill level 10 in Armour
  6960 | D:8      | Found Poxaargh's Antique Armour Shoppe.
  7149 | D:8      | Found a snail-covered altar of Cheibriados.
  7149 | D:8      | Found an iron altar of Okawaru.
  7202 | D:8      | Found a large runed door.
  7203 | D:8      | Found a large runed door.
  7208 | D:8      | Found a large runed door.
  7208 | D:8      | Found a large runed door.
  7214 | D:8      | Noticed a two-headed ogre
  7218 | D:8      | Noticed a two-headed ogre
  7227 | D:8      | Killed a two-headed ogre
  7227 | D:8      | Reached skill level 14 in Axes
  7245 | D:8      | Killed an unseen horror
  7245 | D:8      | Reached XP level 11. HP: 15/89 MP: 17/17
  7253 | D:8      | HP: 4/89 [two-headed ogre/+0 giant spiked club (14)]
  7256 | D:8      | Killed a two-headed ogre
  7256 | D:8      | Reached skill level 15 in Axes
  7522 | D:8      | Got a transparent broad axe
  7730 | D:9      | Found Nuovig's Gadget Shop.
  7997 | D:9      | Learned a level 2 spell: Swiftness
  8431 | D:9      | Reached *** piety under Makhleb
  8479 | D:9      | Found a basalt altar of Yredelemnul.
  8670 | D:10     | Entered Level 10 of the Dungeon
  8714 | D:10     | Reached skill level 10 in Invocations
  8950 | D:10     | Found Ugroma Fehu's Magic Scroll Emporium.
  8958 | D:10     | Bought a scroll of teleportation for 36 gold pieces
  8958 | D:10     | Bought a scroll of teleportation for 36 gold pieces
  9000 | D:10     | Reached **** piety under Makhleb
  9158 | D:10     | Found a staircase to the Orcish Mines.
  9390 | D:10     | Found a deep blue altar of Sif Muna.
  9392 | D:10     | Noticed Nergalle
  9411 | D:10     | Killed Nergalle
  9426 | D:10     | Noticed a two-headed ogre
  9438 | D:10     | Killed a two-headed ogre
  9438 | D:10     | Reached skill level 16 in Axes
  9550 | D:10     | Identified the +2 broad axe of Integrity {protect, Dex+2
                  | Stlth+} (You found it on level 8 of the Dungeon)
  9685 | D:11     | Reached XP level 12. HP: 96/96 MP: 19/19
  9744 | D:11     | Found a staircase to the Lair.
  9777 | D:11     | Reached ***** piety under Makhleb
  9836 | D:11     | Noticed a sun demon
  9838 | D:11     | HP: 1/96 [sun demon[a kobold demonologist] (15)]
  9838 | D:11     | Demolished by a sun demon

Vault maps used:
D:1:      minmay_arrival_open_corners
D:3:      elyvilon_altar_3, uniq_ijyb, uniq_grinder
D:4:      nicolae_gozag_seed_capital, uniq_natasha
D:5:      grunt_qazlal_clouds, zin_purify, minmay_temple_entry_stoned_glass,
          ebering_ghost_reflecting_pool, first_ration, kennysheep_nub,
          palyth_stone_intersect, minmay_manual_moon
D:6:      minmay_chambers_of_sixes, serial_shops, shop, uniq_crazy_yiuf_cottage
D:7:      wander_guarded_unrand_ratskin, uniq_harold
D:8:      gammafunk_temple_overflow_forgotten, serial_shops, shop,
          minmay_hollow_rounded_squares
D:9:      lemuel_mausoleum_altar_yredelemnul, serial_glass, glass_columns_a,
          glass_columns_a, glass_columns_a, serial_shops, shop
D:10:     hiddenorc1_lemuel, serial_shops, nicolae_shop_stone, basic_altar,
          uniq_nergalle
D:11:     erik_lair_island, basic_altar, serial_shops, shop, grunt_tengu_nest
Temple:   nicolae_temple_no_exploring_needed

Skill      XL: |  1  2  3  4  5  6  7  8  9 10 11 |
---------------+----------------------------------+-----
Axes           | 3 4 5 6 8 10 12 14 16 | 16.1
Fighting       | 4 5 6 |  6.0
Armour         | 4 5 8 10 14 | 14.9
Slings         | 1 2 3 |  3.3
Invocations    | 5 7 8 10 | 10.0
Shields        | 4 |  4.0

Action                   |  1- 3 |  4- 6 |  7- 9 | 10-12 || total
-------------------------+-------+-------+-------+-------++-------
Melee: War axe           |    82 |    76 |   270 |   542 ||   970
       Broad axe         |       |       |       |    68 ||    68
 Fire: Hunting sling     |    13 |    37 |    70 |       ||   120
Invok: Minor Destruction |       |       |       |    88 ||    88
       Lesser Servant of |       |       |       |     1 ||     1
       Major Destruction |       |       |       |     1 ||     1
 Abil: Stop Flying       |       |       |       |     1 ||     1
  Use: Scroll            |       |       |    11 |    11 ||    22
       Potion            |       |       |     3 |     3 ||     6
 Stab: Invisible         |       |       |       |     5 ||     5
  Eat: Chunk             |       |     3 |    12 |    13 ||    28
       Ration            |       |       |       |     3 ||     3
Armor: Scale mail        |    32 |    39 |   119 |       ||   190
       Chain mail        |       |       |    36 |   283 ||   319
       Plate armour      |       |       |       |    40 ||    40
Dodge: Dodged            |    26 |    25 |    86 |   154 ||   291
Block: Shield            |    41 |    37 |   149 |   187 ||   414
       Buckler           |       |       |       |    39 ||    39

Table legend:
 A = Non-vault XP
 B = Vault XP
 C = Vault XP percentage of total XP
 D = Non-vault monster count
 E = Vault monster count
 F = Vault count percentage of total count
                 A         B        C        D         E       F
            +---------+---------+-------+---------+---------+-------
      Total |   11507 |    8490 |  42.5 |     245 |      89 |  26.6
            +---------+---------+-------+---------+---------+-------
        D:1 |      41 |       0 |   0.0 |      22 |       0 |   0.0
        D:2 |     257 |       0 |   0.0 |      32 |       0 |   0.0
        D:3 |     192 |     317 |  62.3 |      25 |       2 |   7.4
        D:4 |     475 |      35 |   6.9 |      16 |       1 |   5.9
        D:5 |     103 |     645 |  86.2 |      14 |       7 |  33.3
        D:6 |     906 |     627 |  40.9 |      15 |       7 |  31.8
        D:7 |     906 |    1145 |  55.8 |      20 |      22 |  52.4
        D:8 |    1928 |    3014 |  61.0 |      19 |      12 |  38.7
        D:9 |    1916 |     849 |  30.7 |      29 |      12 |  29.3
       D:10 |    2894 |    1123 |  28.0 |      31 |      18 |  36.7
       D:11 |    1889 |     735 |  28.0 |      22 |       8 |  26.7
            +---------+---------+-------+---------+---------+-------
